 Dungeon Crawl Stone Soup version 0.29.1-14-g9c671dbff4 (webtiles) character file.

Game seed: 8081881275539967327

37 martho the Chopper (level 3, -1/33 HPs)
             Began as a Hill Orc Berserker on Feb 17, 2023.
             Was a Believer of Trog.
             Slain by an adder (4 damage)
             ... on level 2 of the Dungeon.
             The game lasted 00:12:12 (1617 turns).

martho the Chopper (Hill Orc Berserker)             Turns: 1617, Time: 00:12:13

Health: -1/33      AC:  2    Str: 19    XL:     3   Next: 41%
Magic:  3/3        EV: 12    Int:  7    God:    Trog [**....]
Gold:   102        SH:  0    Dex: 12    Spells: 2/2 levels left

rFire   . . .      SeeInvis .   s - +3 short sword
rCold   . . .      Faith    .   (no shield)
rNeg    . . .      Spirit   .   b - +0 animal skin
rPois   .          Reflect  .   (no helmet)
rElec   .          Harm     .   (no cloak)
rCorr   .          Rampage  .   (no gloves)
Will    .....                   (no boots)
Stlth   +.........              (no amulet)
HPRegen 0.11/turn               (no ring)
MPRegen 0.08/turn               (no ring)

@: lethally poisoned (-1 -> -3)
A: no striking features
a: Renounce Religion, Berserk, Trog's Hand


You were on level 2 of the Dungeon.
You worshipped Trog.
Trog was pleased with you.
You visited 1 branch of the dungeon, and saw 2 of its levels.

You collected 102 gold pieces.

Inventory:

Hand Weapons
 a - a +0 hand axe
 e - a +0 dagger
 f - a +0 short sword
 h - a +0 club
 i - a +0 short sword
 l - a +0 club
 m - a +0 dagger
 s - a +3 short sword (weapon)
 t - a +0 spear
 u - a +0 club
 w - a +0 club
Missiles
 g - 4 poisoned darts (quivered)
 j - 12 stones
 v - 2 boomerangs
Armour
 b - a +0 animal skin (worn)
Jewellery
 x - a +4 ring of evasion
Scrolls
 c - a scroll of enchant weapon {unknown}
 d - a scroll of fog {unknown}
 k - a scroll of identify {unknown}
 n - a scroll of teleportation {unknown}
 r - a scroll of vulnerability {unknown}
 y - a scroll of fear {unknown}
 z - a scroll of amnesia {unknown}
Potions
 o - a potion of cancellation {unknown}
 p - 4 potions of might {unknown}
 q - a potion of resistance {unknown}


   Skills:
 + Level 4.3 Fighting
 + Level 4.8 Axes
 + Level 2.5 Armour
 + Level 1.6 Dodging
 + Level 0.1 Stealth


You had 2 spell levels left.
You didn't know any spells.
Your spell library was empty.

Dungeon Overview and Level Annotations

Branches:
Dungeon (2/15)

Altars:


Message History

You hit the adder.
The adder is moderately wounded.
The adder barely misses you. x2
You hit the adder.
The adder is heavily wounded.
The adder bites you.
You closely miss the adder.
The adder is heavily wounded.
The adder bites you.
You barely miss the adder.
The adder is heavily wounded.
The adder misses you. The adder bites you.
You are poisoned.
The adder poisons you!
You barely miss the adder.
The adder is heavily wounded.
You feel sick. The adder barely misses you.
You hit the adder.
The adder is severely wounded.
You feel sick. The adder bites you. The adder bites you but does no damage.
You closely miss the adder.
The adder is severely wounded.
You feel sick. The adder bites you.
You are more poisoned.
The adder poisons you!
You hit the adder.
The adder is almost dead.
You feel sick. The adder barely misses you. The adder closely misses you.
You barely miss the adder.
The adder is almost dead.
You feel sick. The adder closely misses you.
You barely miss the adder.
The adder is almost dead.
You feel sick. The adder bites you.
* * * LOW HITPOINT WARNING * * *
You barely miss the adder.
The adder is almost dead.
* * * LOW HITPOINT WARNING * * *
You feel sick. The adder barely misses you. The adder bites you.
You die...

## ..# # #.#.#
#.#. #+## ...
#...# ###.#
#....: ##.#.#
#......
##....###.......
#......@S.......
##..>.###.......
#.......#
#......
#.##..... #.....
# #.##.## #...#
#. #.# #+## ..
..# #.. #.# #.#


You could see an adder.

Vanquished Creatures
  3 dart slugs (D:1)
  5 ball pythons (D:1)
  An endoplasm (D:1)
  2 giant cockroaches (D:1)
  5 goblins
  3 hobgoblins (D:1)
  3 kobolds (D:1)
  3 frilled lizards (D:1)
  3 rats (D:1)
28 creatures vanquished.

Vanquished Creatures (others)
  12 plants (D:1)
12 creatures vanquished.

Grand Total: 40 creatures vanquished

Notes
Turn   | Place    | Note
-------+----------+-------------------------------------------
     0 | D:1      | martho the Hill Orc Berserker began the quest for the Orb.
     0 | D:1      | Reached XP level 1. HP: 19/19 MP: 1/1
   200 | D:1      | Reached XP level 2. HP: 13/27 MP: 2/2
   731 | D:1      | Reached XP level 3. HP: 30/33 MP: 3/3
   762 | D:1      | Found a faded altar of an unknown god.
   935 | D:1      | Reached ** piety under Trog
  1617 | D:2      | Slain by an adder

Illustrated notes

Levels and vault maps discovered:
D:1:      minmay_arrival_plants_in_alcoves, layout_loops_ring,
          basic_ecumenical_altar, chequers_hall_statues_y
D:2:      layout_loops_corners, serial_rivers, chequers_serial_rivers_room_b,
          chequers_serial_rivers_large_a, chequers_serial_rivers_small_b,
          chequers_serial_rivers_micro_c, chequers_serial_rivers_room_b,
          chequers_serial_rivers_room_a

Skill      XL: |  1  2 |
---------------+-------+-----
Fighting       | 4 |  4.3
Axes           | |  4.8
Armour         | |  2.5
Dodging        | |  1.6
Stealth        | |  0.1

Action                   || total
-------------------------++-------
Melee: Hand axe          ||    86
       Punch             ||     3
       Short sword       ||    50
Armor: Animal skin       ||    12
Dodge: Dodged            ||    63
